 Dungeon Crawl Stone Soup version 0.20.1-1-g8b1a95d (webtiles) character file.

4144 slep the Spear-Bearer (level 10, -7/96 HPs)
             Began as a Minotaur Abyssal Knight on Oct 28, 2017.
             Was a High Priest of Lugonu.
             Mangled by an iguana (8 damage)
             ... on level 8 of the Dungeon.
             The game lasted 00:39:29 (7648 turns).

slep the Spear-Bearer (Minotaur Abyssal Knight)     Turns: 7648, Time: 00:39:29

Health: -7/96      AC:  6    Str: 17    XL:     10   Next: 7%
Magic:  10/10      EV: 16    Int:  9    God:    Lugonu [*****.]
Gold:   407        SH:  0    Dex: 17    Spells: 9/9 levels left

rFire    . . .     SeeInvis +   B - -1 halberd (curse)
rCold    . . .     Gourm    +   (shield currently unavailable)
rNeg     . . .     Faith    .   F - +0 troll leather armour
rPois    .         Spirit   .   (helmet restricted)
rElec    +         Reflect  .   (no cloak)
rCorr    .         Harm     .   (no gloves)
MR       .....     Rnd*Rage +   t - +0 pair of boots
Stlth    ++........             r - amulet of the gourmand
Regen    0.7/turn               Q - +4 ring of dexterity
MPRegen  0.2/turn               M - ring of see invisible

@: berserk cooldown, slowed, very slow
A: retaliatory headbutt, horns 2, berserk 1, robust 1, electricity resistance,
no potion heal 1, subdued magic 1
a: Depart the Abyss, Bend Space, Banish, Corrupt, Enter the Abyss, Renounce
Religion


You were on level 8 of the Dungeon.
You worshipped Lugonu.
Lugonu was extremely pleased with you.
You were completely stuffed.

You visited 1 branch of the dungeon, and saw 8 of its levels.
You visited the Abyss 1 time.
You also visited: Sewer.

You collected 407 gold pieces.

Inventory:

Hand Weapons
 a - a +1 falchion
 l - a +1 mace of protection
 y - a +1 dagger of venom
 B - a cursed -1 halberd (weapon)
 E - the +7 hunting sling "Orb Guardian's Doom" {speed, -Tele rC++ rN+++ Int-2, unknown}
   (You found it on level 7 of the Dungeon)

   Attacks with this weapon are significantly faster.
   It affects your intelligence (-2).
   It greatly protects you from cold.
   It renders you almost immune to negative energy.
   It prevents most forms of teleportation.
 I - a +4 long sword
 J - a +5 falchion
 K - a +3 dire flail
 L - a +3 flail
 O - a +4 rapier
Missiles
 d - 4 steel tomahawks (quivered)
 u - 10 tomahawks
 z - 4 throwing nets
Armour
 b - a +0 leather armour
 t - a +0 pair of boots (worn)
 F - a +0 troll leather armour (worn)
Jewellery
 k - a +2 ring of dexterity
 r - an amulet of the gourmand (around neck)
 M - a ring of see invisible (right hand)
 Q - a +4 ring of dexterity (left hand)
Wands
 P - a wand of iceblast (6/15)
Scrolls
 e - a scroll of immolation
 i - 3 scrolls of identify
 m - 3 scrolls of teleportation {unknown}
 n - 7 scrolls of remove curse
 o - 2 scrolls of amnesia
 w - 2 scrolls of fear
 x - 2 scrolls of recharging {unknown}
 C - a scroll of enchant armour {unknown}
 H - 2 scrolls of blinking {unknown}
Potions
 f - 2 potions of resistance
 g - a potion of invisibility {unknown}
 h - 6 potions of might {unknown}
 p - a potion of magic
 A - 2 potions of cancellation {unknown}
 G - a potion of lignification {unknown}
Books
 v - a book of Minor Magic

   Spells                             Type                      Level
   a - Magic Dart                     Conjuration                  1
   b - Blink                          Translocation                2
   c - Call Imp                       Summoning                    2
   d - Slow                           Hexes                        2
   e - Conjure Flame                  Conjuration/Fire             3
   f - Mephitic Cloud                 Conjuration/Poison/Air       3
 D - a book of Misfortune

   Spells                             Type                      Level
   a - Confusing Touch                Hexes                        1
   b - Confuse                        Hexes                        3
   c - Gell's Gravitas                Translocation                3
   d - Petrify                        Transmutation/Earth          4
   e - Metabolic Englaciation         Hexes/Ice                    5
   f - Yara's Violent Unravelling     Hexes/Transmutation          5
 N - a book of Cantrips

   Spells                             Type                      Level
   a - Confusing Touch                Hexes                        1
   b - Animate Skeleton               Necromancy                   1
   c - Summon Small Mammal            Summoning                    1
   d - Apportation                    Translocation                1
Comestibles
 c - 7 bread rations
 j - 5 meat rations
 q - a royal jelly
 s - 7 fruits
 R - 2 chunks of flesh


   Skills:
 + Level 8.1 Fighting
 + Level 2.9 Long Blades
 + Level 7.1 Maces & Flails
 + Level 10.0 Polearms
 + Level 5.9 Armour
 + Level 6.0 Dodging
 + Level 3.3 Stealth
 + Level 1.9 Invocations


You had 9 spell levels left.
You didn't know any spells.

Dungeon Overview and Level Annotations

Branches:
Dungeon (8/15)             Temple (0/1) D:6            Lair (0/6) D:8

Altars:
Nemelex Xobeh
Vehumet

Annotations:
D:8 Erica


Innate Abilities, Weirdness & Mutations

You reflexively headbutt those who attack you in melee.
You have a pair of horns on your head.
You tend to lose your temper in combat.
You are robust. (+10% HP)
You are resistant to electric shocks. (rElec)
Potions are less effective at restoring your health.
Your spells are a little easier to cast, but a little less powerful.


Message History

You kill the yak!
Lugonu accepts your kill.
Your Polearms skill increases to level 10!
Your Dodging skill increases to level 6!
The crimson imp hits you.
* * * LOW HITPOINT WARNING * * *
You puncture the crimson imp!
The crimson imp is severely wounded.
The crimson imp grinds its teeth.
The crimson imp blinks!
You hit the iguana but do no damage. The iguana completely misses you.
The iguana misses you. You furiously retaliate!
You headbutt the iguana, but do no damage.
You closely miss the iguana. The iguana misses you.
You hit the iguana. Your headbutt misses the iguana.
The iguana is moderately wounded.
The iguana bites you!
* * * LOW HITPOINT WARNING * * *
The iguana bites you!
You die...

#.............# #....###..#.
###....P.......## #......##
...#..P.P.....# ###.....#
..####..P..#..####.# #..#..#
#< #.#..#....>(..###.###..#
#.###.............##..# ##..
. ##..#..#....5..........##
.. ..#
#.....#...##l###.(###...###..
....#.....#..###@# #..#
##....... .............#
#.###..# #.......
..##...###..###..#..##
##@h#... #...####..##..#..#
#h###.. #....## #..#.....#
#.# .. #.....###.......#####
..# ..
#..##....รท................ .
....# #.....####..######....
. ##..###....#####..# #..#.


You could see an iguana and a crimson imp.

Vanquished Creatures
  A troll (D:6)
  4 yaks (D:8)
  3 porcupines (D:8)
  A sky beast (D:7)
  A necrophage (D:6)
  5 ogres
  An ice beast (D:7)
  The ghost of biffMalibu the Insei, an amateur MfTm (D:3)
  3 crocodiles (D:8)
  4 bullfrogs
  5 scorpions
  5 wights (D:7)
  2 electric eels (D:6)
  3 crimson imps
  A quasit (D:7)
  A centaur zombie (D:5)
  A bullfrog skeleton (D:4)
  5 hounds
  6 orc wizards
  7 orc priests
  5 worker ants
  2 hound skeletons (D:4)
  A mummy (D:6)
  7 gnolls
  17 adders
  2 river rats (D:3)
  A shadow imp (D:5)
  An ooze (D:7)
  An adder skeleton (D:4)
  5 worms
  2 dart slugs
  3 leopard geckos
  24 orcs
  4 ball pythons
  6 giant cockroaches
  9 goblins
  7 hobgoblins
  15 jackals
  3 quokkas
  13 bats
  9 frilled lizards
  12 kobolds
  14 rats
  2 plants (Sewer)
225 creatures vanquished.

Vanquished Creatures (others)
  2 fungi (D:8)
  5 plants
7 creatures vanquished.

Grand Total: 232 creatures vanquished

Notes
Turn   | Place    | Note
-------+----------+-------------------------------------------
     0 | Abyss:1  | slep the Minotaur Abyssal Knight began the quest for the Orb.
     0 | Abyss:1  | Reached XP level 1. HP: 19/19 MP: 1/1
    67 | Abyss:1  | Noticed a hungry ghost
    69 | Abyss:1  | Noticed a thrashing horror
    70 | Abyss:1  | Noticed a small abomination
    70 | Abyss:1  | Noticed a small abomination
    75 | Abyss:1  | Noticed a thrashing horror
    76 | D:1      | Escaped the Abyss
   141 | D:1      | Reached * piety under Lugonu
   241 | D:1      | Reached XP level 2. HP: 25/27 MP: 2/2
   710 | D:2      | Reached XP level 3. HP: 29/34 MP: 3/3
   863 | D:2      | Reached skill level 1 in Maces & Flails
  1569 | D:3      | Reached XP level 4. HP: 39/41 MP: 4/4
  1639 | D:3      | Reached ** piety under Lugonu
  1724 | D:3      | Noticed biffMalibu's ghost (amateur MfTm)
  1735 | D:3      | Gained mutation: Your magical capacity is low. (-10% MP) [potion of mutation]
  1735 | D:3      | Gained mutation: You are somewhat resistant to further mutation. [potion of mutation]
  1745 | D:3      | Reached XP level 5. HP: 37/47 MP: 4/4
  1765 | D:3      | Killed biffMalibu's ghost
  1765 | D:3      | Reached skill level 5 in Fighting
  2176 | D:3      | Reached XP level 6. HP: 49/56 MP: 5/5
  2200 | D:3      | Found a glowing drain.
  2205 | Sewer    | Entered a sewer
  2356 | Sewer    | Reached *** piety under Lugonu
  3281 | D:4      | Reached skill level 5 in Maces & Flails
  3333 | D:4      | Reached skill level 1 in Stealth
  3410 | D:4      | Reached XP level 7. HP: 34/61 MP: 6/6
  4239 | D:5      | Entered Level 5 of the Dungeon
  4249 | D:5      | Reached **** piety under Lugonu
  4370 | D:5      | Found a sparkling altar of Nemelex Xobeh.
  4467 | D:5      | Reached skill level 1 in Polearms
  4832 | D:5      | Reached skill level 2 in Polearms
  5077 | D:6      | Reached XP level 8. HP: 70/70 MP: 7/7
  5145 | D:6      | Noticed a troll
  5153 | D:6      | HP: 2/70 [troll (9)]
  5155 | D:6      | Killed a troll
  5155 | D:6      | Reached skill level 4 in Polearms
  5277 | D:6      | Found a radiant altar of Vehumet.
  5301 | D:6      | Reached skill level 5 in Polearms
  5422 | D:6      | Found a staircase to the Ecumenical Temple.
  5458 | D:6      | Reached skill level 5 in Armour
  5536 | D:6      | Reached skill level 6 in Polearms
  5763 | D:6      | HP: 3/73 [something/puff of flame (6)]
  5771 | D:6      | Reached skill level 7 in Polearms
  6019 | D:6      | Reached XP level 9. HP: 77/79 MP: 8/8
  6536 | D:7      | Lost mutation: You are somewhat resistant to further mutation. [potion of mutation]
  6536 | D:7      | Lost mutation: Your magical capacity is low. (-10% MP) [potion of mutation]
  6536 | D:7      | Gained mutation: Potions are less effective at restoring your health. [potion of mutation]
  6536 | D:7      | Gained mutation: You are agile. (Dex +2) [potion of mutation]
  6536 | D:7      | Gained mutation: You are resistant to electric shocks. (rElec) [potion of mutation]
  6536 | D:7      | Gained mutation: You have a pair of large horns on your head. [potion of mutation]
  6575 | D:7      | Reached ***** piety under Lugonu
  6641 | D:7      | Got a bloodstained hunting sling
  6796 | D:7      | Reached skill level 8 in Polearms
  6796 | D:7      | Reached skill level 5 in Dodging
  7490 | D:8      | Lost mutation: You are agile. (Dex +2) [potion of mutation]
  7490 | D:8      | Lost mutation: You have a pair of large horns on your head. [potion of mutation]
  7490 | D:8      | Gained mutation: You tend to lose your temper in combat. [potion of mutation]
  7490 | D:8      | Gained mutation: Your spells are a little easier to cast, but a little less powerful. [potion of mutation]
  7490 | D:8      | Gained mutation: You are robust. (+10% HP) [potion of mutation]
  7500 | D:8      | Noticed Erica
  7513 | D:8      | HP: 4/88 [Erica/scimitar of flaming (3)]
  7572 | D:8      | Reached skill level 9 in Polearms
  7597 | D:8      | Found a staircase to the Lair.
  7638 | D:8      | Reached XP level 10. HP: 24/96 MP: 10/10
  7644 | D:8      | Reached skill level 10 in Polearms
  7648 | D:8      | HP: 1/96 [iguana (8)]
  7648 | D:8      | Mangled by an iguana

Skill      XL: |  1  2  3  4  5  6  7  8  9 10 |
---------------+-------------------------------+-----
Fighting       | 4 5 6 7 8 |  8.1
Maces & Flails | 2 3 4 5 7 |  7.1
Armour         | 3 4 5 |  5.9
Dodging        | 2 3 5 6 |  6.0
Stealth        | 1 2 3 |  3.3
Polearms       | 2 7 9 10 | 10.0
Long Blades    | |  2.9
Invocations    | |  1.9

Action                   |  1- 3 |  4- 6 |  7- 9 | 10-12 || total
-------------------------+-------+-------+-------+-------++-------
Melee: Falchion          |    21 |       |       |       ||    21
       Headbutt          |    13 |    42 |    84 |     4 ||   143
       Mace              |    81 |   233 |    55 |       ||   369
       Halberd           |       |       |   266 |    10 ||   276
Invok: Depart the Abyss  |     1 |       |       |       ||     1
  Use: Potion            |       |     8 |     4 |       ||    12
       Scroll            |       |     6 |       |       ||     6
 Stab: Sleeping          |       |     2 |     3 |       ||     5
  Eat: Chunk             |     2 |     7 |    28 |       ||    37
Armor: Leather armour    |    51 |    38 |    32 |       ||   121
       Troll leather arm |       |       |    48 |     1 ||    49
Dodge: Dodged            |    71 |   125 |   233 |     8 ||   437
       Rpst.: Falchion   |     4 |       |       |       ||     4
